 Dungeon Crawl Stone Soup version 0.29-a0-392-g297d3b089c (webtiles) character file.

Game seed: 764398300192599841

56 bwicke the Caller (level 3, -2/14 HPs)
             Began as a Felid Summoner on May 8, 2022.
             Slain by an orc
             ... wielding a +0 flail
              (5 damage)
             ... on level 3 of the Dungeon.
             The game lasted 00:07:15 (2638 turns).

bwicke the Caller (Felid Summoner)                  Turns: 2638, Time: 00:07:16

Health: -2/14      AC:  1    Str:  4    XL:     3   Next: 71%
Magic:  6/7        EV: 17    Int: 18    God:
Gold:   82         SH:  0    Dex: 16    Spells: 0/6 levels left
                                        Lives:  0   Deaths: 0

rFire   . . .      SeeInvis +   (weapon unavailable)
rCold   . . .      Faith    .   (shield unavailable)
rNeg    . . .      Spirit   .   (body armour unavailable)
rPois   +          Reflect  .   (helmet unavailable)
rElec   .          Harm     .   (cloak unavailable)
rCorr   .          Rampage  .   (gloves unavailable)
Will    .....                   (boots unavailable)
Stlth   ++........              (no amulet)
HPRegen 0.04/turn               i - ring of poison resistance
MPRegen 0.10/turn               (no ring)

@: quick
A: very small, claws 1, fangs 3, see invisible, speed 1, shaggy fur 1, stealthy
paws, no weapons or thrown items, no armour, multi-lived
a: no special abilities


You were on level 3 of the Dungeon.
You visited 1 branch of the dungeon, and saw 3 of its levels.

You collected 82 gold pieces.

Inventory:

Missiles
 b - 58 stones
Jewellery
 i - a ring of poison resistance (left paw)
Scrolls
 d - 3 scrolls of blinking
 g - a scroll of fear
Potions
 a - a potion of magic
 c - a potion of brilliance {unknown}
 e - 3 potions of curing {unknown}
 f - a potion of might {unknown}
 h - a potion of haste {unknown}
 k - a potion of lignification {unknown}
 l - a potion of heal wounds {unknown}


   Skills:
 + Level 0.2 Fighting
 - Level 2.6 Dodging
 - Level 2.6 Stealth
 - Level 2.0 Spellcasting
 - Level 5.4 Summonings


You couldn't memorise any spells.
You knew the following spells:

 Your Spells              Type           Power      Damage    Failure   Level
a - Summon Small Mammal   Summ           84%        N/A       1%          1
b - Call Imp              Summ           21%        N/A       3%          2
c - Call Canine Familiar  Summ           21%        N/A       6%          3

Your spell library contained the following spells:

 Spells                   Type           Power      Damage    Failure   Level
 Summon Guardian Golem    Hex/Summ       11%        N/A       19%         3
 Summon Lightning Spire   Summ/Air       11%        N/A       52%         4


Dungeon Overview and Level Annotations

Branches:
Dungeon (3/15)

Altars:
Sif Muna


Innate Abilities, Weirdness & Mutations

You have sharp claws.
You have razor-sharp teeth.
You have supernaturally acute eyesight. (SInv)
You cover ground quickly. (Speed+)
You are covered in fur. (AC +1)
Your paws help you pounce on unaware monsters.
You are incapable of wielding weapons or throwing items.
You cannot wear armour.
You gain extra lives every three experience levels.


Message History

d - 3 scrolls of blinking (gained 1)
You see here a +0 club.
An orc priest and an orc come into view.
The orc shouts!
Your crimson imp blinks!
An orc comes into view. It is wielding a +0 flail.
Casting: Call Imp (safe; 3% risk of failure)
Confirm with . or Enter, or press ? or * to list all spells.
The spell is extremely dangerous to miscast (6% risk of failure)!
Continue anyway?
Your crimson imp hits the orc.
The orc misses your crimson imp.
Your crimson imp hits the orc priest but does no damage.
Something hits your crimson imp but does no damage.
Something hits your crimson imp.
Something closely misses your crimson imp.
Something hits your crimson imp!
Something closely misses your crimson imp.
Something closely misses your crimson imp.
Something misses your crimson imp.
Your hound bites the orc priest but does no damage.
You scratch the orc priest but do no damage.
Your hound bites the orc priest.
The orc priest barely misses you.
You barely miss the orc priest.
You bite the orc priest, but do no damage.
The orc priest is heavily wounded.
Your hound bites the orc priest.
The orc misses you.
The orc priest invokes the aid of Beogh against your hound.
Your hound is smitten.
The orc hits you from afar with a +0 trident.
Your hound bites the orc priest.
You catch the helpless orc priest completely off-guard!
You scratch the orc priest.
You bite the orc priest, but do no damage.
The orc priest is almost dead.
Your hound closely misses the orc priest.
The orc priest mumbles some strange prayers to Beogh against you.
Pain shoots through your body!
Ouch! That really hurt!
* * * LOW HITPOINT WARNING * * *
The orc hits you with a +0 flail.
You die...

##.#.##.#.#####
#)#.##.#.#.... #####
#.#......#.### ...#
#.###......# # #
###.###.###.####.###
##.##..............#....
......#.###.###.##.##.##
##.#..#.###.# #.......#
#....o@h##.# ###...###
####.##o##.# #... #.
.o...# #.. ####.#### #..
#.# .. o.. ... ..# ...


You could see an orc priest (ally target), 2 orcs and a friendly hound
(summoned).

Vanquished Creatures
  2 endoplasms (D:1)
  3 goblins
  A hobgoblin (D:2)
  3 ball pythons
  5 bats
  A frilled lizard (D:1)
  A kobold (D:1)
  5 rats
21 creatures vanquished.

Vanquished Creatures (collateral kills)
  A dart slug (D:2)
  An orc (D:3)
  A bat (D:1)
  3 endoplasms (D:1)
  2 giant cockroaches
  A goblin (D:1)
  4 hobgoblins
  2 quokkas (D:2)
  4 ball pythons
  A frilled lizard (D:1)
  5 kobolds
  4 rats
29 creatures vanquished.

Grand Total: 50 creatures vanquished

Notes
Turn   | Place    | Note
-------+----------+-------------------------------------------
     0 | D:1      | bwicke the Felid Summoner began the quest for the Orb.
     0 | D:1      | Reached XP level 1. HP: 7/7 MP: 4/4
   260 | D:1      | Reached XP level 2. HP: 7/11 MP: 3/6
   787 | D:1      | Learned a level 2 spell: Call Imp
   855 | D:1      | Reached skill level 5 in Summonings
   915 | D:1      | Reached XP level 3. HP: 14/14 MP: 5/7
  1351 | D:1      | Learned a level 3 spell: Call Canine Familiar
  2035 | D:2      | Found a shimmering blue altar of Sif Muna.
  2638 | D:3      | Slain by an orc

Illustrated notes

Levels and vault maps discovered:
D:1:      zaba_arrival_water, layout_basic, serial_park_tiny_1
D:2:      layout_basic, basic_altar, minmay_pentomino_o2
D:3:      layout_loops_cross, hellmonk_ecumenical_altar_leap_of_faith

Skill      XL: |  1  2 |
---------------+-------+-----
Summonings     | 5 |  5.4
Fighting       | |  0.2
Dodging        | |  2.6
Stealth        | |  2.6
Spellcasting   | |  2.0

Action                   || total
-------------------------++-------
Melee: Unarmed           ||    67
       Bite              ||     5
       Punch             ||     2
 Cast: Summon Small Mamm ||    33
       Call Imp          ||     5
       Call Canine Famil ||     2
  Use: Scroll            ||     6
 Stab: Sleeping          ||     9
       Distracted        ||     1
Armor: Skin              ||     6
Dodge: Dodged            ||    63

Table legend: (Time is in decaauts)
 A = Elapsed time spent in this place.
 B = Non-inter-level travel time spent in this place.
 C = Inter-level travel time spent in this place.
 D = Time resting spent in this place.
 E = Time spent auto-exploring this place.
 F = Levels seen in this place.
 G = Mean time per level.
                   A        B        C        D        E       F      G
               +--------+--------+--------+--------+--------+-----+--------+
         Total |   2343 |   2289 |     54 |      0 |   1812 |   3 |  781.0 |
       Dungeon |   2343 |   2289 |     54 |      0 |   1812 |   3 |  781.0 |
               +--------+--------+--------+--------+--------+-----+--------+

Top non-repeatable levels by time:
     D:1: 1411 daAuts
     D:2: 834 daAuts
     D:3: 97 daAuts
